 Dungeon Sprint DCSS version 0.23.2-11-gf996548c65 (webtiles) character file.

Game seed: 12686487070024267169

2361 wilfster70 the Unseen (level 9, -2/39 HPs)
             Began as a Spriggan Enchanter on June 6, 2019.
             Was a Believer of Dithmenos.
             Slain by a centaur warrior (9 damage)
             ... in the Dungeon (Sprint I: "Red Sonja").
             The game lasted 00:02:40 (476 turns).

wilfster70 the Unseen (Spriggan Enchanter)           Turns: 476, Time: 00:02:41

Health: -2/39      AC:  3    Str:  4    XL:     9   Next: 21%
Magic:  23/23      EV: 18    Int: 17    God:    Dithmenos [**....]
Gold:   608        SH:  0    Dex: 19    Spells: 21/27 levels left

rFire    . . .     SeeInvis +   a - +4 dagger (venom)
rCold    . . .     Gourm    .   (shield restricted)
rNeg     . . .     Faith    .   b - +0 robe
rPois    .         Spirit   .   (helmet restricted)
rElec    .         Reflect  .   m - +0 cloak (curse)
rCorr    .         Harm     .   (gloves unavailable)
MR       +....     NoTele   +   (boots unavailable)
Stlth    +++++++++.             (no amulet)
HPRegen  0.13/turn              (no ring)
MPRegen  0.18/turn              (no ring)

@: wreathed by umbra, very quick
A: very small, unfitting armour, see invisible, herbivore, speed 3, slow
metabolism 2
a: Shadow Step, Renounce Religion


You were in the Dungeon.
You worshipped Dithmenos.
Dithmenos was pleased with you.
You were not hungry.

You visited 1 branch You collected 646 gold pieces.
You spent 38 gold pieces at shops.

Inventory:

Hand Weapons
 a - a +4 dagger of venom (weapon)
 k - a +0 blowgun
Missiles
 l - 9 curare-tipped needles
Armour
 b - a +0 robe (worn)
 m - a cursed +0 cloak (worn)
Scrolls
 c - a scroll of identify {unknown}
 i - a scroll of fog {unknown}
 j - a scroll of blinking
 n - a scroll of amnesia {unknown}
Potions
 e - a potion of curing
 f - a potion of heal wounds
 g - a potion of haste
 h - 3 potions of magic
Comestibles
 d - a ration


   Skills:
 + Level 8.5 Short Blades
 - Level 3.0 Dodging
 + Level 20.5 Stealth
 + Level 9.6 Spellcasting
 * Level 13.1 Hexes


You had 21 spell levels left.
You knew the following spells:

 Your Spells              Type           Power        Failure   Level  Hunger
a - Corona                Hex            ######.      1%          1    None
b - Ensorcelled Hibernat  Hex/Ice        ####..       1%          2    None
c - Confuse               Hex            ######..     1%          3    None

Your spell library contained the following spells:

 Spells                   Type           Power        Failure   Level  Hunger
 Dazzling Spray           Conj/Hex       ####..       1%          3    None
 Tukima's Dance           Hex            ######..     1%          3    None


Dungeon Overview and Level Annotations

Branches:
Dungeon (1/1)

Altars:
Cheibriados
Dithmenos
Elyvilon
Fedhas
Gozag
Hepliaklqana
Kikubaaqudgha
Makhleb
Nemelex Xobeh
Okawaru
Qazlal
Ru
Sif Muna
Trog
Uskayaw
Vehumet
Wu Jian
Xom
Yredelemnul
Zin
The Shining One
Jiyva
Lugonu

Shops:
D [[[


Innate Abilities, Weirdness & Mutations

You are very small and have problems with some larger weapons.
You are too small for most types of armour.
You have supernaturally acute eyesight. (SInv)
You are a herbivore.
You cover ground extremely quickly.
You need to consume almost no food.


Message History

You open the door.
Found a hand axe and a scroll labeled GOYFAO RINOMI. 2 centaur warriors come into view.
There is an open door here.
You enter the shallow water.
Moving in this stuff is going to be slow.
The centaur warrior shouts! x2
The centaur warrior wields a +0 shortbow.
The centaur warrior shoots an arrow.
The arrow hits you!
You hear a splash.
The centaur warrior wields a +0 shortbow.
The centaur warrior shoots an arrow.
The arrow hits you!
You hear a splash.
You see here 2 arrows.
The centaur warrior unwields a +0 shortbow.
The centaur warrior hits you!
* * * LOW HITPOINT WARNING * * *
The centaur warrior unwields a +0 shortbow.
The centaur warrior hits you!
You die...

#######################
#..').#.)'..#__#..)...#
').#..'..#..'^.'..#)..#
#####'#####'#__####...+
####..#...#.####§§#####
#__####..##(#§§§§c#
#_____##'#_.+§§§@§+
#_.∩...'..._#≈§§§c#
#_..__##_.#'##§####
#_____###'#.#§§§.###
#########.####§###[##
.......'...'.....'.∩#
++++####.).##########
##.## #+#


You could see 2 centaur warriors.

Vanquished Creatures
  Sonja (D)
  A deep troll (D)
  2 kobold demonologists (D)
  A slime creature (D)
  Sigmund (D)
  A yak (D)
  A floating eye (D)
  An ogre (D)
  A jelly (D)
  Ijyb (D)
11 creatures vanquished.

Notes
Turn   | Place    | Note
-------+----------+-------------------------------------------
     0 | D        | wilfster70 the Spriggan Enchanter began the quest for the
                  | Orb.
     0 | D        | Reached XP level 1. HP: 9/9 MP: 5/5
     1 | D        | Noticed Ijyb
     8 | D        | Killed Ijyb
     8 | D        | Reached skill level 10 in Stealth
     8 | D        | Reached XP level 2. HP: 13/13 MP: 6/6
    16 | D        | Learned a level 2 spell: Ensorcelled Hibernation
    49 | D        | Noticed an ogre
    53 | D        | Killed an ogre
    53 | D        | Reached skill level 14 in Stealth
    53 | D        | Reached XP level 3. HP: 16/16 MP: 2/8
    53 | D        | Reached XP level 4. HP: 21/21 MP: 2/9
   123 | D        | Noticed Sigmund
   126 | D        | Killed Sigmund
   126 | D        | Reached skill level 18 in Stealth
   126 | D        | Reached XP level 5. HP: 24/24 MP: 10/10
   126 | D        | Reached XP level 6. HP: 28/28 MP: 11/11
   131 | D        | Learned a level 3 spell: Confuse
   142 | D        | Found a deep blue altar of Sif Muna.
   143 | D        | Found an ornate altar of the Wu Jian Council.
   144 | D        | Found a radiant altar of Vehumet.
   158 | D        | Found Fasyjan's Antique Armour Emporium.
   158 | D        | Found an ancient bone altar of Kikubaaqudgha.
   158 | D        | Found a hazy altar of Hepliaklqana.
   158 | D        | Found a stormy altar of Qazlal.
   158 | D        | Found a hide-covered altar of Uskayaw.
   158 | D        | Found a blossoming altar of Fedhas.
   158 | D        | Found a bloodstained altar of Trog.
   158 | D        | Found an iron altar of Okawaru.
   158 | D        | Found a basalt altar of Yredelemnul.
   158 | D        | Found a glowing golden altar of the Shining One.
   158 | D        | Found a snail-covered altar of Cheibriados.
   158 | D        | Found a sacrificial altar of Ru.
   158 | D        | Found a glowing silver altar of Zin.
   158 | D        | Found a shadowy altar of Dithmenos.
   158 | D        | Found a white marble altar of Elyvilon.
   158 | D        | Noticed a yak
   159 | D        | Found an opulent altar of Gozag.
   160 | D        | Killed a yak
   161 | D        | Found a sparkling altar of Nemelex Xobeh.
   167 | D        | Became a worshipper of Dithmenos the Shadowed
   200 | D        | Noticed Sonja
   204 | D        | Killed Sonja
   204 | D        | Reached skill level 19 in Stealth
   204 | D        | Reached skill level 10 in Hexes
   204 | D        | Reached XP level 7. HP: 32/32 MP: 14/18
   204 | D        | Reached XP level 8. HP: 36/36 MP: 14/19
   222 | D        | Found Ukiubu's Antique Armour Boutique.
   242 | D        | Noticed a deep troll
   246 | D        | Killed a deep troll
   262 | D        | Found Raope's Armour Emporium.
   267 | D        | Bought a cursed +0 cloak for 38 gold pieces
   289 | D        | Found a viscous altar of Jiyva.
   289 | D        | Found a corrupted altar of Lugonu.
   289 | D        | Noticed a slime creature
   290 | D        | Found a burning altar of Makhleb.
   290 | D        | Found a shimmering altar of Xom.
   292 | D        | Killed a slime creature
   292 | D        | Reached * piety under Dithmenos
   292 | D        | Reached skill level 20 in Stealth
   353 | D        | Noticed a kobold demonologist
   354 | D        | Noticed a kobold demonologist
   359 | D        | Killed a kobold demonologist
   359 | D        | Reached XP level 9. HP: 39/39 MP: 17/23
   366 | D        | Killed a kobold demonologist
   366 | D        | Reached ** piety under Dithmenos
   475 | D        | Noticed a centaur warrior
   475 | D        | Noticed a centaur warrior
   476 | D        | Slain by a centaur warrior

Skill      XL: |  1  2  3  4  5  6  7  8  9 |
---------------+----------------------------+-----
Stealth        | 10 14 18 19 20 | 20.5
Spellcasting   | 7 9 |  9.6
Hexes          | 10 12 13 | 13.1
Short Blades   | 6 8 |  8.5
Dodging        | |  3.0

Action                   |  1- 3 |  4- 6 |  7- 9 || total
-------------------------+-------+-------+-------++-------
Melee: Dagger            |     6 |     4 |     5 ||    15
 Cast: Ensorcelled Hiber |     1 |       |     7 ||     8
  Use: Potion            |     1 |       |       ||     1
 Stab: Sleeping          |     1 |     4 |     5 ||    10
Dodge: Dodged            |     1 |       |     2 ||     3
